 Dungeon Crawl Stone Soup version 0.21.1-1-g345015f (webtiles) character file.

6202 rgaf the Carver (level 10, -3/68 HPs)
             Began as a Vampire Fighter on July 7, 2018.
             Was a Follower of Makhleb.
             Killed by divine providence
             ... invoked by an orc priest
              (11 damage)
             ... on level 10 of the Dungeon.
             The game lasted 00:15:54 (15966 turns).

rgaf the Carver (Vampire Fighter)                  Turns: 15966, Time: 00:15:54

Health: -3/68      AC:  0    Str: 18    XL:     10   Next: 61%
Magic:  8/10       EV: 32    Int: 11    God:    Makhleb [*.....]
Gold:   522        SH:  0    Dex: 19    Spells: 9/9 levels left

rFire    . . .     SeeInvis +   (weapon currently unavailable)
rCold    . . .     Gourm    .   (shield currently unavailable)
rNeg     + . .     Faith    .   (armour currently unavailable)
rPois    .         Spirit   .   (helmet currently unavailable)
rElec    .         Reflect  .   (cloak currently unavailable)
rCorr    .         Harm     .   (gloves currently unavailable)
MR       +....                  (boots currently unavailable)
Stlth    ++++......             (no amulet)
HPRegen  0.21/turn              (ring currently unavailable)
MPRegen  0.12/turn              (ring currently unavailable)

@: bat-form, flying, very quick
A: tiny, fangs 3, see invisible
a: End Transformation, Renounce Religion


You were on level 10 of the Dungeon.
You worshipped Makhleb.
Makhleb was aware of your devotion.
You were not thirsty.
You were in vampire-bat-form.
You visited 2 branches of the dungeon, and saw 11 of its levels.
You also visited: Sewer.

You collected 522 gold pieces.

Inventory:

Hand Weapons
 a - a +1 long sword
 I - a -1 great sword (melded)
Armour
 b - a +0 scale mail
 c - a +1 shield
 g - a +0 chain mail (melded)
 n - a +1 pair of boots (melded)
 A - a +0 cloak (melded)
 D - a +0 pair of gloves (melded)
 J - a +0 plate armour
Jewellery
 q - a ring of poison resistance (melded)
 s - a ring of positive energy (melded)
 w - a +3 ring of intelligence
 y - an uncursed ring of ice {unknown}
 C - an uncursed ring of fire {unknown}
Wands
 B - a wand of random effects (11)
Scrolls
 f - 6 scrolls of teleportation
 i - 2 scrolls of fog
 m - a scroll of enchant weapon
 p - 3 scrolls of remove curse
 r - 3 scrolls of magic mapping
 u - 3 scrolls of immolation
 v - 4 scrolls of identify
 G - a scroll of enchant armour
Potions
 j - 2 potions of flight {unknown}
 k - 4 potions of magic {unknown}
 l - a potion of cancellation {unknown}
 t - a potion of haste {unknown}
 x - 3 potions of brilliance {unknown}
 z - a potion of heal wounds {unknown}
 E - a potion of resistance {unknown}
 F - a potion of agility {unknown}
 H - a potion of mutation {unknown}
Books
 d - a book of Clouds

   Spells                             Type                      Level
   a - Poisonous Vapours              Poison/Air                   2
   b - Mephitic Cloud                 Conjuration/Poison/Air       3
   c - Conjure Flame                  Conjuration/Fire             3
   d - Freezing Cloud                 Conjuration/Ice/Air          6
   e - Ring of Flames                 Charms/Fire                  7


   Skills:
 - Level 2.6 Fighting
 - Level 12.0 Long Blades
 - Level 2.4 Armour
 + Level 11.5 Dodging
 - Level 2.6 Shields


You had 9 spell levels left.
You didn't know any spells.

Dungeon Overview and Level Annotations

Branches:
Dungeon (10/15)            Temple (1/1) D:6            Lair (0/6) D:9
    Orc: D:9-12

Altars:
Ashenzari
Cheibriados
Dithmenos
Elyvilon
Fedhas
Gozag
Hepliaklqana
Kikubaaqudgha
Makhleb
Nemelex Xobeh
Okawaru
Qazlal
Ru
Sif Muna
Trog
Uskayaw
Vehumet
Wu Jian
Xom
Yredelemnul
Zin
The Shining One

Shops:
D:4 }   D:8 *

Annotations:
D:9 2 transporters


Innate Abilities, Weirdness & Mutations

You have razor-sharp teeth.
You have supernaturally acute eyesight. (SInv)
((You can survive without breathing.))


Message History

The bolt of negative energy hits the unseen horror.
The unseen horror is drained!
You kill the unseen horror!
Makhleb accepts your kill.
The bolt of negative energy misses the worker ant.
The bolt of negative energy hits the troll.
The troll is drained!
The troll is moderately wounded.
You turn into a vampire bat.
Your -1 great sword melds into your body.
Your +0 cloak melds into your body.
Your +0 pair of gloves melds into your body.
Your +1 pair of boots melds into your body.
Your +0 chain mail melds into your body.
Your ring of poison resistance melds into your body.
Your ring of positive energy melds into your body.
The worker ant completely misses you. x2
The orc priest calls down the wrath of Beogh upon you.
Beogh smites you!
You die...

###### #....# #....#
#....# #....####
################.......#
.........o.T.a.b.......#
#####.....########.....#
#.....# #.....# #.....#
#.....# #.....# #..####
#.....# ##.#
######.....# #.#
...........# #.####
...........# #....#


You could see a troll, a worker ant and an orc priest.

Vanquished Creatures
  A two-headed ogre (D:10)
  An unseen horror (D:10)
  Grinder (D:3)
  2 hippogriffs
  Purgy (D:3)
  5 sky beasts
  An eye of draining (D:8)
  4 ogres
  A necrophage (D:6)
  3 wolves (D:9)
  4 centaurs
  A big kobold (Sewer)
  8 bullfrogs
  A wyvern zombie (D:9)
  4 scorpions
  10 killer bees
  A howler monkey (D:5)
  2 bullfrog zombies
  4 crimson imps
  4 jellies
  12 hounds
  3 orc priests
  2 bullfrog skeletons
  4 orc wizards
  An iguana (D:6)
  9 worker ants
  A killer bee zombie (D:8)
  2 hound skeletons
  A worker ant zombie (D:10)
  17 adders
  3 gnolls (D:5)
  A river rat (Sewer)
  4 shadow imps
  3 oozes
  An adder skeleton (D:7)
  An adder zombie (D:9)
  5 worms
  4 dart slugs
  3 leopard geckos
  21 orcs
  2 ball pythons (Sewer)
  9 giant cockroaches
  6 hobgoblins
  11 jackals
  4 quokkas
  4 bats
  2 frilled lizards
  4 goblins
  8 kobolds
  9 rats
216 creatures vanquished.

Vanquished Creatures (others)
  A plant (D:9)
1 creature vanquished.

Grand Total: 217 creatures vanquished

Notes
Turn   | Place    | Note
-------+----------+-------------------------------------------
     0 | D:1      | rgaf the Vampire Fighter began the quest for the Orb.
     0 | D:1      | Reached XP level 1. HP: 17/17 MP: 1/1
   371 | D:1      | Reached XP level 2. HP: 21/23 MP: 2/2
   405 | D:1      | Reached skill level 1 in Dodging
   891 | D:1      | Reached skill level 3 in Long Blades
  1064 | D:1      | Reached XP level 3. HP: 23/28 MP: 3/3
  1262 | D:2      | Found a shimmering altar of Xom.
  1263 | D:2      | Found a shimmering altar of Xom.
  1270 | D:2      | Found a shimmering altar of Xom.
  1270 | D:2      | Found a shimmering altar of Xom.
  1270 | D:2      | Found a shimmering altar of Xom.
  2211 | D:3      | Noticed Grinder
  2491 | D:3      | Found a blossoming altar of Fedhas.
  2513 | D:3      | Reached XP level 4. HP: 33/34 MP: 4/4
  2576 | D:3      | Found an opulent altar of Gozag.
  2705 | D:3      | Reached skill level 4 in Long Blades
  2706 | D:3      | Paralysed by Grinder for 4 turns
  2712 | D:3      | Killed Grinder
  2712 | D:3      | Reached skill level 5 in Long Blades
  2712 | D:3      | Reached XP level 5. HP: 32/39 MP: 5/5
  2712 | D:3      | Reached XP level 6. HP: 37/46 MP: 6/6
  2802 | D:3      | Found a radiant altar of Vehumet.
  3120 | D:3      | Noticed Purgy
  3142 | D:3      | Killed Purgy
  3330 | D:3      | Found a glowing silver altar of Zin.
  3330 | D:3      | Noticed an angel
  3987 | D:4      | Reached skill level 6 in Long Blades
  4567 | D:4      | Reached XP level 7. HP: 30/51 MP: 7/7
  5117 | D:4      | Found a stormy altar of Qazlal.
  5228 | D:4      | Found Vepritso's Gadget Emporium.
  5771 | D:4      | Reached skill level 7 in Long Blades
  5771 | D:4      | Reached skill level 5 in Dodging
  5946 | D:5      | Entered Level 5 of the Dungeon
  5971 | D:5      | Found a glowing drain.
  5990 | Sewer    | Entered a sewer
  6704 | D:5      | Reached XP level 8. HP: 49/57 MP: 8/8
  6766 | D:5      | Reached skill level 8 in Long Blades
  8675 | D:6      | Found a staircase to the Ecumenical Temple.
  8686 | Temple   | Entered the Ecumenical Temple
  8844 | D:6      | Reached skill level 9 in Long Blades
  9676 | D:7      | Noticed a hippogriff
  9725 | D:7      | Reached XP level 9. HP: 55/62 MP: 9/9
 10108 | D:6      | Reached skill level 10 in Long Blades
 10358 | D:7      | Found a burning altar of Makhleb.
 10361 | D:7      | Found a white marble altar of Elyvilon.
 10364 | D:7      | Found a basalt altar of Yredelemnul.
 10403 | D:7      | Became a worshipper of Makhleb the Destroyer
 11190 | D:8      | Reached skill level 11 in Long Blades
 12059 | D:8      | Found Uharorouwk's General Store.
 13040 | D:9      | Noticed a troll
 13367 | D:9      | Reached XP level 10. HP: 65/68 MP: 10/10
 13387 | D:9      | Found a transporter.
 13387 | D:9      | Found a transporter.
 13388 | D:9      | Noticed a manticore
 13388 | D:9      | Noticed a yaktaur captain
 13424 | D:9      | Reached * piety under Makhleb
 13571 | D:9      | Found a shimmering altar of Xom.
 13576 | D:9      | Found a hide-covered altar of Uskayaw.
 13606 | D:9      | Found an ancient bone altar of Kikubaaqudgha.
 13607 | D:9      | Found a hazy altar of Hepliaklqana.
 13608 | D:9      | Found a glowing golden altar of the Shining One.
 13665 | D:9      | Reached skill level 12 in Long Blades
 14105 | D:9      | Found a staircase to the Lair.
 14223 | D:9      | Found an opulent altar of Gozag.
 14268 | D:9      | Noticed a two-headed ogre
 15012 | D:9      | Reached skill level 10 in Dodging
 15215 | D:10     | Entered Level 10 of the Dungeon
 15840 | D:10     | Noticed a two-headed ogre
 15855 | D:10     | Killed a two-headed ogre
 15917 | D:10     | Noticed an unseen horror
 15946 | D:10     | HP: 3/68 [unseen horror (10)]
 15947 | D:10     | HP: 1/68 [unseen horror (2)]
 15958 | D:10     | HP: 3/68 [unseen horror (3)]
 15962 | D:10     | Killed an unseen horror
 15966 | D:10     | Killed from afar by an orc priest

Skill      XL: |  1  2  3  4  5  6  7  8  9 10 |
---------------+-------------------------------+-----
Dodging        | 1 2 3 4 5 7 9 11 | 11.5
Long Blades    | 3 5 6 7 9 11 12 | 12.0
Fighting       | |  2.6
Armour         | |  2.4
Shields        | |  2.6

Action                   |  1- 3 |  4- 6 |  7- 9 | 10-12 || total
-------------------------+-------+-------+-------+-------++-------
Melee: Long sword        |   133 |   117 |   607 |       ||   857
       Bite              |    14 |    16 |    77 |    20 ||   127
       Great sword       |       |       |    10 |   163 ||   173
 Abil: Bat Form          |       |       |     3 |     5 ||     8
       End Transformatio |       |       |     3 |     4 ||     7
Evoke: Wand              |       |       |     6 |     9 ||    15
  Use: Potion            |     2 |     5 |    20 |    13 ||    40
       Scroll            |       |       |    15 |     1 ||    16
 Stab: Paralysed         |       |       |     8 |       ||     8
Armor: Scale mail        |    14 |       |       |       ||    14
       Chain mail        |    67 |    89 |   271 |   109 ||   536
Dodge: Dodged            |    34 |    36 |   177 |   162 ||   409
Block: Shield            |    69 |    71 |   314 |       ||   454
       Rpst.: Long sword |     8 |     8 |    48 |       ||    64
       Great sword       |       |       |     1 |    41 ||    42
